 Dungeon Crawl Stone Soup version 0.18.1-50-g88ac8fd (webtiles) character file.

131610 varam the Imperceptible (level 16, 0/127 HPs)
             Began as a Spriggan Enchanter on Oct 7, 2016.
             Was the Champion of Okawaru.
             Slain by a greater naga
             ... wielding a +0 flail
              (4 damage)
             ... on level 2 of the Snake Pit.
             The game lasted 03:13:54 (35400 turns).

varam the Imperceptible (Spriggan Enchanter)       Turns: 35400, Time: 03:13:55

Health: 0/127      AC:  8    Str: 14    XL:     16   Next: 55%
Magic:  22/23      EV: 36    Int: 16    God:    Okawaru [******]
Gold:   667        SH: 10    Dex: 23    Spells: 8 memorised, 10 levels left

rFire  + . .     SeeInvis +     n - +9 short sword "Edwoq" {elec, rN+}
rCold  + . .     Gourm    .     d - +2 robe {rN+}
rNeg   + + .     Faith    .     z - +0 buckler
rPois  .         Spirit   .     W - +2 hat of Chimes {-Tele +Inv Str+4}
rElec  .         Dismiss  .     k - +1 cloak of Serendipity {Regen+ SInv}
rCorr  .         Reflect  .     (gloves unavailable)
SustAt .         Harm     .     (boots unavailable)
MR     +++..     Rnd*Rage +     (no amulet)
Stlth  .......... NoTele   +    B - ring of protection from magic
                                Y - ring of protection from cold

@: berserking, lethally poisoned (0 -> -12), heroism, constricted, very quick,
extremely resistant to hostile enchantments, extremely unstealthy
A: unfitting armour, see invisible, berserk 1, fire resistance 1, herbivore 3,
speed 3, low mp 1, slow metabolism 2
a: Heroism, Finesse, Renounce Religion, Evoke Invisibility


You were on level 2 of the Snake Pit.
You worshipped Okawaru.
Okawaru was exalted by your worship.
You were not hungry.

You visited 5 branches of the dungeon, and saw 31 of its levels.
You also visited: Ice Cave.

You collected 2840 gold pieces.
You spent 2173 gold pieces at shops.

Inventory:

Hand Weapons
 n - the +9 short sword "Edwoq" (weapon) {elec, rN+}
   (Okawaru gifted it to you on level 8 of the Lair of Beasts)

   Occasionally, upon striking a foe, it will discharge some electrical energy
   and cause terrible harm.
   It protects you from negative energy.
 q - a +2 quick blade of freezing
 r - a +2 hand crossbow of flaming
 t - a +1 demon blade of venom
 Q - a +0 dagger of venom
Missiles
 f - 35 tomahawks (quivered)
 x - 5 poisoned tomahawks
 V - 2 tomahawks of dispersal
 X - 5 tomahawks of returning
Armour
 d - a +2 robe of positive energy (worn)
 k - the +1 cloak of Serendipity (worn) {Regen+ SInv}
   (Okawaru gifted it to you on level 13 of the Dungeon)

   It lets you see invisible.
   It increases your rate of regeneration.
 o - a +2 robe of the Archmagi
 z - a +0 buckler (worn)
 W - the +2 hat of Chimes (worn) {-Tele +Inv Str+4}
   (Okawaru gifted it to you on level 4 of the Lair of Beasts)

   It affects your strength (+4).
   It lets you turn invisible.
   It prevents most forms of teleportation.
Rods
 v - a +4 iron rod (14/14)
   (You bought it in a shop on level 2 of the Orcish Mines)
Jewellery
 i - a +2 ring of dexterity
 B - a ring of protection from magic (right hand)
 Y - a ring of protection from cold (left hand)
Wands
 a - a wand of lightning (7/15)
 m - a wand of digging (6/24)
 p - a wand of slowing (12/48)
 H - a wand of flame (33/48)
 J - a wand of enslavement (0/24)
 M - a wand of disintegration (10/24)
 U - a wand of iceblast (6/15)
 Z - a wand of enslavement (9/24)
Scrolls
 c - a scroll of identify
 u - 4 scrolls of remove curse
 C - 2 scrolls of summoning
 I - 2 scrolls of enchant armour
 N - 2 scrolls of magic mapping
 P - 4 scrolls of enchant weapon
 R - 2 scrolls of teleportation
 S - 3 scrolls of recharging
Potions
 b - 2 potions of haste
 h - 2 potions of flight
 l - 13 potions of curing
 s - 2 potions of agility
 D - a potion of brilliance
 G - a potion of lignification
Miscellaneous
 e - a phial of floods (inert)
 j - a sack of spiders {used: 3}
Comestibles
 F - 9 fruits
 L - 4 bread rations


   Skills:
 - Level 10.3(15.3) Fighting
 - Level 10.0(15.0) Short Blades
 - Level 15.4(20.4) Dodging
 + Level 24.8(27) Stealth
 + Level 6.8(11.8) Shields
 - Level 6.0 Spellcasting
 - Level 10.0 Hexes
 - Level 4.2 Invocations
 - Level 11.7 Evocations


You had 10 spell levels left.
You knew the following spells:

 Your Spells              Type           Power        Failure   Level  Hunger
a - Ensorcelled Hibernat  Hex/Ice        ###...       2%          2    #......
b - Corona                Hex            #####..      1%          1    None
c - Confuse               Hex            #####...     1%          3    ##.....
d - Repel Missiles        Chrm/Air       #.....       21%         2    #......
e - Swiftness             Chrm/Air       #.......     21%         2    #......
f - Dazzling Spray        Conj/Hex       ###...       6%          3    ##.....
g - Tukima's Dance        Hex            #####...     1%          3    ##.....
h - Apportation           Tloc           #.........   14%         1    None


Dungeon Overview and Level Annotations

Branches:
Dungeon (15/15) Temple (0/1) D:5 Lair (8/8) D:10 Shoals (4/4) Lair:4 Snake (2/4) Lair:4 Orc (2/2) D:11 Elf (0/3) Orc:2 Vaults (0/5) D:12 D:13 Depths (0/5) D:15 Slime: Lair:6-8

Altars:
Cheibriados
Dithmenos
Elyvilon
Makhleb
Okawaru
Pakellas
Qazlal
Ru
Trog
Yredelemnul
Zin

Shops:
D:5 =!??   D:8 *   D:10 =   D:12 ((*}   D:13 *   Orc:1 }   Orc:2 (*}*

Annotations:
D:3 Grinder
D:7 aeluma's ghost, novice TrMo
D:8 exclusion: obsidian statue
D:10 exclusion: obsidian statue
Shoals:2 exclusion: oklob plant
Shoals:3 exclusion: Roxanne, Roxanne
Snake:2 Aizul


Innate Abilities, Weirdness & Mutations

You are tiny and cannot use many weapons and most armour.
You have supernaturally acute eyesight.
You are a herbivore.
You cover ground extremely quickly.
You need consume almost no food.
You tend to lose your temper in combat.
Your flesh is heat resistant.
Your magical capacity is low (-10% MP).


Message History

The greater naga spits poison at you. The splash of poison hits you!
You are more poisoned.
* * * LOW HITPOINT WARNING * * *
You completely miss the black mamba.
The black mamba is moderately wounded.
You feel sick. You block the black mamba's attack.
Unknown command.
You puncture the black mamba!
There is a sudden explosion of sparks!
You kill the black mamba!
Okawaru accepts your kill.
You feel sick.
You block the guardian serpent's attack.
Aizul completely misses you.
You block the guardian serpent's attack.
The guardian serpent completely misses you.
The greater naga hits you with a flail!
* * * LOW HITPOINT WARNING * * *
The greater naga grabs you.
You die...

#................)......
#...........%...........
.##.......####.........
##......###..........
..................#..
................##...
................#..
#..###.NSS..# #..
###@S.## .. #.NSS...#
#...N.....# #.........#
.....>.>.....
......N$......
.......>.>.....
...#.........#.


You could see Aizul, 3 greater nagas, a salamander and 4 guardian serpents.

Vanquished Creatures
  An Ice Fiend (IceCv)
  Rupert (D:13)
  Ilsuiw (Shoals:3)
  A fire giant (D:15)
  Donald (Shoals:3)
  An orc warlord (Orc:2)
  Maud (Lair:5)
  The ghost of theElss the Bludgeoner, a journeyman GrBe of Trog (Orc:2)
  5 merfolk impalers
  Josephine (Snake:1)
  3 merfolk javelineers (Shoals:3)
  A centaur warrior (D:14)
  2 ogre magi
  A merfolk avatar (Shoals:2)
  8 hydras
  The ghost of monday the Destroyer, a journeyman DrCj of Vehumet (IceCv)
  2 catoblepae
  2 naga warriors
  2 merfolk aquamancers
  The ghost of kraktruk the Timeless, a novice DrMo of Cheibriados (D:10)
  An anaconda (Snake:2)
  A satyr (Shoals:2)
  An alligator snapping turtle (Shoals:2)
  6 death yaks
  2 tengu warriors (D:15)
  A shock serpent (Snake:1)
  4 orc high priests
  2 naga sharpshooters (Snake:1)
  A fire crab (Lair:5)
  Sonja (D:13)
  6 sea snakes
  9 skeletal warriors
  A naga ritualist (Snake:1)
  A harpy (shapeshifter) (D:14)
  6 hill giants
  3 harpies (Shoals:1)
  A necromancer (D:15)
  6 orc knights
  2 deep elf magi (D:15)
  A wolf spider zombie (D:15)
  4 wizards
  A faun (Shoals:1)
  2 mana vipers (Snake:1)
  An ugly thing (D:12)
  7 orc sorcerers
  8 griffons
  7 elephants
  3 cyclopes
  3 manticores
  4 sirens
  2 ice statues (IceCv)
  A naga mage (D:15)
  Maurice (D:8)
  8 black mambas
  A torpor snail (Lair:6)
  A gargoyle (D:10)
  4 water nymphs (Shoals:2)
  4 rime drakes
  4 komodo dragons
  9 spiny frogs
  12 ice devils (IceCv)
  4 tengu conjurers (D:15)
  10 trolls
  22 merfolk
  A polar bear (Lair:6)
  2 two-headed ogres
  A blink frog (shapeshifter) (D:13)
  12 blink frogs
  7 snapping turtles
  A centaur simulacrum (D:15)
  5 wraiths (Snake:1)
  7 wyverns
  31 yaks
  A basilisk (Lair:2)
  5 water elementals
  5 hippogriffs
  A steam dragon (D:11)
  16 humans
  2 hungry ghosts
  7 small abominations (D:9)
  A vampire mosquito (D:15)
  The ghost of HopefulHyena the Insei, an amateur OpMo of Dithmenos (D:4)
  8 wargs
  11 nagas
  14 water moccasins
  7 porcupines
  30 orc warriors
  2 ice beasts
  A black bear (D:10)
  3 phantoms
  5 large abominations (D:9)
  An eye of draining (D:13)
  2 sky beasts
  15 ogres
  3 boggarts (D:15)
  A necrophage (D:11)
  7 crocodiles
  12 centaurs
  13 wolves
  4 big kobolds
  24 giant frogs
  4 scorpions
  17 killer bees
  14 wights
  4 howler monkeys
  2 electric eels (D:14)
  6 crimson imps
  2 giant frog zombies
  3 centaur zombies
  2 quasits
  7 centaur skeletons
  2 giant frog skeletons
  5 hounds
  4 jellies
  A gnoll shaman (Orc:1)
  26 orc priests
  33 orc wizards
  Terence (D:2)
  6 iguanas
  12 worker ants
  14 sheep
  3 hound skeletons
  A worker ant zombie (D:8)
  11 gnolls
  A howler monkey skeleton (D:9)
  14 adders
  44 river rats
  6 shadow imps
  8 white imps (IceCv)
  6 ufetubi (IceCv)
  An adder skeleton (D:4)
  5 dart slugs
  8 giant geckos
  79 orcs
  3 bats
  3 giant cockroaches
  9 goblins
  8 hobgoblins
  5 jackals
  4 quokkas
  A ball python (D:1)
  A giant gecko skeleton (D:4)
  6 giant newts
  2 gnoll zombies (D:4)
  23 kobolds
  A quokka skeleton (D:4)
  4 rats
  A plant (D:10)
908 creatures vanquished.

Vanquished Creatures (collateral kills)
  A two-headed ogre (Orc:2)
  A yak (Lair:8)
  A hippogriff (Lair:8)
  An orc warrior (Orc:1)
  5 orcs (Orc:1)
9 creatures vanquished.

Vanquished Creatures (others)
  A hungry ghost (D:4)
  An orc warrior (Orc:2)
  A white imp (IceCv)
  2 ufetubi (IceCv)
  An orc (Orc:1)
  10 tentacles (Shoals:1)
  99 tentacle segments (Shoals:1)
115 creatures vanquished.

Grand Total: 1032 creatures vanquished

Notes
Turn   | Place    | Note
--------------------------------------------------------------
     0 | D:1      | varam the Spriggan Enchanter began the quest for the Orb.
     0 | D:1      | Reached XP level 1. HP: 9/9 MP: 5/5
   213 | D:1      | Reached XP level 2. HP: 13/13 MP: 4/6
   327 | D:1      | Reached skill level 5 in Stealth
  1320 | D:1      | Learned a level 2 spell: Ensorcelled Hibernation
  1326 | D:1      | Reached XP level 3. HP: 16/16 MP: 5/8
  1573 | D:2      | Noticed Terence
  1580 | D:2      | Killed Terence
  1580 | D:2      | Reached skill level 6 in Stealth
  1767 | D:2      | Found a burning altar of Makhleb.
  1773 | D:2      | Reached XP level 4. HP: 21/21 MP: 9/9
  2137 | D:2      | Found an iron altar of Okawaru.
  2141 | D:2      | Became a worshipper of Warmaster Okawaru
  2342 | D:3      | Found a faded altar to an unknown god.
  2349 | D:3      | Noticed Grinder
  2364 | D:2      | Learned a level 3 spell: Confuse
  2555 | D:3      | Found a snail-covered altar of Cheibriados.
  2578 | D:3      | Paralysed by Grinder for 4 turns
  2847 | D:4      | Reached skill level 7 in Stealth
  2847 | D:4      | Reached XP level 5. HP: 17/24 MP: 5/10
  3020 | D:4      | Noticed HopefulHyena's ghost (amateur OpMo)
  3025 | D:4      | Killed HopefulHyena's ghost
  3025 | D:4      | Reached * piety under Okawaru
  3025 | D:4      | Reached skill level 8 in Stealth
  3025 | D:4      | Reached XP level 6. HP: 26/28 MP: 5/11
  3100 | D:4      | Found an oddly glowing altar of Pakellas.
  3100 | D:4      | Noticed a hungry ghost
  3115 | D:4      | Killed a hungry ghost
  3138 | D:4      | Found a basalt altar of Yredelemnul.
  3495 | D:5      | Entered Level 5 of the Dungeon
  3545 | D:4      | Reached skill level 5 in Short Blades
  3911 | D:5      | Found Gadeffaa's Jewellery Shoppe.
  4039 | D:5      | Found Luguann's Distillery.
  4126 | D:5      | Found Sujama's Magic Scroll Shop.
  4170 | D:5      | Found a staircase to the Ecumenical Temple.
  4193 | D:5      | Found Siagidol's Magic Scroll Boutique.
  4194 | D:5      | Noticed a sky beast
  4404 | D:4      | Killed a sky beast
  4404 | D:4      | Reached skill level 5 in Hexes
  4404 | D:4      | Reached XP level 7. HP: 25/32 MP: 4/13
  5365 | D:6      | Reached ** piety under Okawaru
  5365 | D:6      | Reached skill level 1 in Fighting
  5465 | D:6      | Reached XP level 8. HP: 37/37 MP: 13/15
  6433 | D:7      | Noticed aeluma's ghost (novice TrMo)
  6794 | D:6      | Reached skill level 5 in Dodging
  6994 | D:7      | Found a sacrificial altar of Ru.
  7383 | D:8      | Noticed Maurice
  7408 | D:8      | Reached *** piety under Okawaru
  7409 | D:8      | Killed Maurice
  7473 | D:8      | Found Zikutit's General Store.
  7613 | D:8      | Reached skill level 1 in Evocations
  7613 | D:8      | Reached XP level 9. HP: 44/44 MP: 9/16
  8191 | D:8      | Found a glowing silver altar of Zin.
  8335 | D:8      | Noticed an obsidian statue
  8816 | D:9      | Reached **** piety under Okawaru
  8816 | D:9      | Reached skill level 5 in Evocations
  8918 | D:9      | Learned a level 2 spell: Repel Missiles
  8921 | D:9      | Learned a level 2 spell: Swiftness
  8925 | D:9      | Learned a level 3 spell: Dazzling Spray
  8929 | D:9      | Learned a level 3 spell: Tukima's Dance
  8965 | D:9      | Reached skill level 9 in Stealth
  9410 | D:9      | Reached skill level 10 in Stealth
  9495 | D:10     | Entered Level 10 of the Dungeon
  9495 | D:10     | Found a staircase to the Lair.
  9511 | D:10     | Found Otozeink's Jewellery Shoppe.
  9655 | D:10     | Noticed a hill giant
  9669 | D:10     | Killed a hill giant
  9669 | D:10     | Reached ***** piety under Okawaru
  9669 | D:10     | Reached XP level 10. HP: 49/49 MP: 4/17
  9739 | D:10     | Noticed an obsidian statue
  9784 | D:10     | Received a gift from Okawaru
  9788 | D:10     | Got a smoking broad axe {god gift}
  9789 | D:10     | Identified the +5 broad axe of the Evening {venom, +Inv rC- Dex+2} (Okawaru gifted it to you on level 10 of the Dungeon)
  9925 | D:10     | Noticed kraktruk's ghost (novice DrMo)
  9941 | D:10     | Killed kraktruk's ghost
  9941 | D:10     | Reached skill level 11 in Stealth
 10003 | D:9      | Noticed a wizard
 10239 | D:9      | Reached skill level 12 in Stealth
 10450 | D:9      | Noticed a large abomination
 10578 | D:9      | Killed a large abomination
 10960 | D:9      | Reached skill level 13 in Stealth
 10987 | D:9      | Received a gift from Okawaru
 11434 | D:9      | Killed a wizard
 11434 | D:9      | Reached XP level 11. HP: 53/53 MP: 10/19
 11557 | D:10     | Reached skill level 5 in Spellcasting
 11722 | D:11     | Noticed a five-headed hydra
 11729 | D:11     | Killed a five-headed hydra
 11857 | D:11     | Received a gift from Okawaru
 11913 | D:11     | Reached skill level 5 in Fighting
 12497 | D:11     | Found a staircase to the Orcish Mines.
 12709 | D:10     | Reached skill level 10 in Hexes
 12878 | D:10     | Noticed a soul eater
 12957 | D:10     | Noticed a soul eater
 13455 | D:12     | Found Siofoki's General Store.
 13499 | D:12     | Bought a scroll of magic mapping for 42 gold pieces
 13552 | D:12     | Noticed a green ugly thing
 13566 | D:13     | Found a gate to the Vaults.
 13566 | D:13     | Noticed an orc knight
 13566 | D:13     | Noticed a hill giant
 13566 | D:13     | Noticed Rupert
 13566 | D:13     | Noticed a skeletal warrior
 13831 | Lair:1   | Entered Level 1 of the Lair of Beasts
 13831 | Lair:1   | Noticed a six-headed hydra
 13846 | Lair:1   | Killed a six-headed hydra
 13966 | Lair:1   | Reached skill level 14 in Stealth
 14047 | Lair:1   | Reached skill level 10 in Dodging
 14125 | Lair:1   | Received a gift from Okawaru
 14291 | Lair:1   | Found a basalt altar of Yredelemnul.
 14607 | Lair:2   | Reached skill level 10 in Short Blades
 14624 | Lair:2   | Reached XP level 12. HP: 61/61 MP: 14/22
 14878 | Lair:2   | Found a stormy altar of Qazlal.
 15729 | Lair:3   | Reached skill level 1 in Invocations
 16404 | Lair:4   | Reached skill level 15 in Stealth
 16668 | Lair:4   | Reached ****** piety under Okawaru
 16731 | Lair:4   | Found a staircase to the Snake Pit.
 16811 | Lair:4   | Received a gift from Okawaru
 16812 | Lair:4   | Got a smoking hat {god gift}
 16828 | Lair:4   | Identified the +2 hat of Chimes {-Tele +Inv Str+4} (Okawaru gifted it to you on level 4 of the Lair of Beasts)
 17150 | Lair:4   | Found a staircase to the Shoals.
 17510 | Lair:5   | Noticed Maud
 17522 | Lair:5   | Killed Maud
 18340 | Lair:5   | Noticed a catoblepas
 18349 | Lair:5   | Killed a catoblepas
 18732 | Lair:6   | Reached skill level 15 in Dodging
 18733 | Lair:6   | Noticed a death yak
 18738 | Lair:6   | Killed a death yak
 18747 | Lair:6   | Reached XP level 13. HP: 54/65 MP: 23/23
 18905 | Lair:6   | Reached skill level 16 in Stealth
 18908 | Lair:6   | Received a gift from Okawaru
 18916 | Lair:6   | Got an iridescent double sword {god gift}
 18917 | Lair:6   | Identified the +1 double sword of Okawaru's Condemnation {flame, Int+2} (Okawaru gifted it to you on level 6 of the Lair of Beasts)
 19761 | Lair:8   | Entered Level 8 of the Lair of Beasts
 19812 | Lair:8   | Reached skill level 17 in Stealth
 20211 | Lair:8   | Reached skill level 18 in Stealth
 20288 | Lair:8   | Received a gift from Okawaru
 20292 | Lair:8   | Got a shimmering short sword {god gift}
 20325 | Lair:8   | Identified the +9 short sword "Edwoq" {elec, rN+} (Okawaru gifted it to you on level 8 of the Lair of Beasts)
 20365 | Lair:8   | Reached skill level 19 in Stealth
 20693 | Lair:8   | Received a gift from Okawaru
 20905 | Lair:8   | Reached skill level 20 in Stealth
 21404 | Orc:1    | Entered Level 1 of the Orcish Mines
 22070 | Orc:1    | Reached XP level 14. HP: 51/70 MP: 9/24
 22260 | Orc:1    | Found Legaqewk's Gadget Shop.
 22419 | Orc:2    | Entered Level 2 of the Orcish Mines
 22475 | Orc:2    | Received a gift from Okawaru
 22643 | Orc:2    | Noticed theElss's ghost (journeyman GrBe)
 22658 | Orc:2    | Noticed an orc warlord
 22664 | Orc:2    | Gained mutation: Your magical capacity is low (-10% MP). [mutagenic glow]
 23041 | Orc:2    | Killed an orc warlord
 23045 | Orc:2    | Killed theElss's ghost
 23948 | Orc:2    | Gained mutation: You tend to lose your temper in combat. [mutagenic glow]
 24484 | Orc:2    | Found a staircase to the Elven Halls.
 24742 | Orc:2    | Received a gift from Okawaru
 24829 | Orc:2    | Found Yxaenga's Antique Weapon Shop.
 24829 | Orc:2    | Found Suvvaa's General Store.
 24838 | Orc:2    | Found Lemuiceg's Gadget Shop.
 24838 | Orc:2    | Found Oriadudgh's General Store.
 24849 | Orc:2    | Bought a potion of heal wounds for 85 gold pieces
 24849 | Orc:2    | Bought a potion of haste for 170 gold pieces
 24858 | Orc:2    | Bought a +4 iron rod (14/14) for 1876 gold pieces
 25091 | D:12     | Found a white marble altar of Elyvilon.
 25264 | D:12     | Found Alecydwe's Antique Weapon Emporium.
 25357 | D:12     | Found Tonuzamn's Gadget Boutique.
 25565 | D:12     | Found Kuleum's Antique Weapon Boutique.
 25760 | D:13     | Killed Rupert
 25760 | D:13     | Received a gift from Okawaru
 25760 | D:13     | Reached skill level 21 in Stealth
 25825 | D:12     | Gained mutation: Your flesh is heat resistant. [mutagenic glow]
 26427 | D:13     | Got a slimy cloak {god gift}
 26438 | D:13     | Identified the +1 cloak of Serendipity {Regen+ SInv} (Okawaru gifted it to you on level 13 of the Dungeon)
 26830 | D:13     | Noticed Sonja
 26850 | D:13     | Killed Sonja
 26982 | D:13     | Reached skill level 10 in Fighting
 27097 | D:13     | Found Cohag's General Store.
 27560 | D:14     | Found a shadowy altar of Dithmenos.
 27564 | D:14     | Reached XP level 15. HP: 80/80 MP: 22/22
 27801 | D:14     | Received a gift from Okawaru
 27804 | D:14     | Got a fine cloak {god gift}
 27815 | D:14     | Identified the +0 cloak of the Marlin {Dex+8} (Okawaru gifted it to you on level 14 of the Dungeon)
 28088 | D:15     | Entered Level 15 of the Dungeon
 28089 | D:15     | Reached skill level 10 in Evocations
 28294 | D:15     | Noticed a fire giant
 28302 | D:15     | Killed a fire giant
 28302 | D:15     | Reached skill level 22 in Stealth
 28436 | D:15     | Found a staircase to the Depths.
 28875 | D:15     | Reached skill level 1 in Shields
 29410 | Shoals:1 | Entered Level 1 of the Shoals
 29450 | Shoals:1 | Received a gift from Okawaru
 29767 | Shoals:1 | Noticed a kraken
 30121 | Shoals:2 | Found a bloodstained altar of Trog.
 30127 | Shoals:1 | Reached skill level 23 in Stealth
 31044 | Shoals:3 | Noticed Roxanne
 31051 | Shoals:3 | Noticed Ilsuiw
 31069 | Shoals:2 | HP: 3/80 [drowned by a drowned soul[a merfolk avatar] (17)]
 31409 | Shoals:3 | Received a gift from Okawaru
 31416 | Shoals:3 | Killed Ilsuiw
 31420 | Shoals:3 | Reached XP level 16. HP: 64/85 MP: 12/23
 31747 | Shoals:3 | Noticed Donald
 31782 | Shoals:3 | Reached skill level 5 in Shields
 31792 | Shoals:3 | Killed Donald
 31913 | Shoals:3 | Reached skill level 24 in Stealth
 31964 | Shoals:3 | Learned a level 1 spell: Apportation
 32346 | Shoals:4 | Entered Level 4 of the Shoals
 32758 | Snake:1  | Entered Level 1 of the Snake Pit
 32805 | Snake:1  | Received a gift from Okawaru
 32821 | Snake:1  | Noticed Josephine
 32823 | Snake:1  | Killed Josephine
 32938 | Snake:1  | Found a frozen archway.
 32949 | IceCv    | Entered an ice cave
 33904 | IceCv    | Noticed monday's ghost (journeyman DrCj)
 33981 | IceCv    | Noticed an Ice Fiend
 34425 | IceCv    | Killed an Ice Fiend
 34466 | IceCv    | Killed monday's ghost
 34676 | Snake:1  | HP: 1/85 [naga sharpshooter/bolt (27)]
 35391 | Snake:2  | Noticed Aizul
 35392 | Snake:2  | HP: 3/85 [guardian serpent (16)]
 35400 | Snake:2  | HP: 4/127 [greater naga/flail (17)]
 35400 | Snake:2  | Slain by a greater naga

Skill      XL: |  1  2  3  4  5  6  7  8  9 10 11 12 13 14 15 16 |
---------------+-------------------------------------------------+-----
Short Blades   | 2 3 4 5 6 9 10 | 10.0
Stealth        | 5 6 7 8 10 13 14 15 20 21 23 24 | 24.8
Hexes          | 5 7 8 10 | 10.0
Spellcasting   | 3 4 6 |  6.0
Fighting       | 1 3 4 6 10 | 10.3
Dodging        | 4 6 8 10 15 | 15.4
Evocations     | 1 7 8 9 11 | 11.7
Invocations    | 4 |  4.2
Shields        | 4 6 |  6.8

Action                   |  1- 3 |  4- 6 |  7- 9 | 10-12 | 13-15 | 16-18 || total
-------------------------+-------+-------+-------+-------+-------+-------++-------
Melee: Dagger            |    93 |   124 |   241 |   380 |    95 |    18 ||   951
       Rapier            |       |       |       |   203 |       |       ||   203
       Short sword       |       |       |       |       |   788 |   265 ||  1053
       Whip              |       |       |       |       |    13 |       ||    13
       Punch             |       |       |       |       |     4 |       ||     4
       Quick blade       |       |       |       |       |       |    40 ||    40
Throw: Tomahawk          |       |       |       |       |       |     1 ||     1
 Cast: Corona            |     3 |       |       |     1 |       |       ||     4
       Ensorcelled Hiber |     2 |    19 |    53 |    37 |    66 |     5 ||   182
       Confuse           |       |    22 |    80 |   127 |   146 |    29 ||   404
       Tukima's Dance    |       |       |       |       |     1 |       ||     1
Invok: Heroism           |       |       |     1 |       |    13 |     5 ||    19
       Finesse           |       |       |       |       |       |     2 ||     2
 Abil: Evoke Invisibilit |       |       |     4 |    19 |    36 |     8 ||    67
Evoke: Wand              |       |       |       |     5 |    29 |     5 ||    39
       Sack of spiders   |       |       |       |       |     4 |       ||     4
       Phial of floods   |       |       |       |       |     2 |     1 ||     3
       Deck              |       |       |       |       |     2 |     2 ||     4
       Rod               |       |       |       |       |       |     3 ||     3
  Use: Scroll            |       |       |       |    19 |    15 |     3 ||    37
       Potion            |       |       |       |       |     6 |    11 ||    17
 Stab: Sleeping          |    17 |    32 |    44 |   107 |   143 |    31 ||   374
       Confused          |       |     7 |    35 |    57 |    51 |    11 ||   161
       Invisible         |       |       |    11 |    57 |   122 |    14 ||   204
       Distracted        |       |       |       |     5 |     4 |     2 ||    11
       Paralysed         |       |       |       |       |     2 |       ||     2
       Held in net/web   |       |       |       |       |     1 |       ||     1
  Eat: Royal jelly       |       |     1 |       |     2 |     2 |       ||     5
       Bread ration      |       |     1 |     2 |     3 |     3 |     2 ||    11
       Pizza             |       |       |     3 |     3 |       |       ||     6
       Fruit             |       |       |       |       |    17 |     3 ||    20
Armor: Robe              |     8 |    12 |     1 |     7 |    41 |     6 ||    75
       Skin              |       |       |     1 |     1 |       |       ||     2
Dodge: Dodged            |    40 |    60 |   132 |   236 |   706 |   178 ||  1352
Block: Buckler           |       |       |       |       |       |    64 ||    64
